 Dungeon Crawl Stone Soup version 0.29.1-1-gd02db6906a (webtiles) character file.

Game seed: 17188249022514486746

79 RogueRain17 the Ruffian (level 4, -1/33 HPs)
             Began as a Demonspawn Gladiator on Sept 20, 2022.
             Slain by an orc
             ... wielding a +2 vorpal flail
              (7 damage)
             ... on level 3 of the Dungeon.
             The game lasted 00:02:48 (3257 turns).

RogueRain17 the Ruffian (Demonspawn Gladiator)      Turns: 3257, Time: 00:02:49

Health: -1/33      AC:  5    Str: 17    XL:     4   Next: 17%
Magic:  4/4        EV: 16    Int:  9    God:
Gold:   193        SH:  4    Dex: 14    Spells: 3/3 levels left

rFire   . . .      SeeInvis .     - Unarmed
rCold   . . .      Faith    .   (no shield)
rNeg    . . .      Spirit   .   p - +1 leather armour {Will+}
rPois   .          Reflect  .   b - +0 helmet
rElec   .          Harm     .   (no cloak)
rCorr   .          Rampage  .   (no gloves)
Will    +....                   (no boots)
Stlth   +.........              (no amulet)
HPRegen 0.11/turn               x - +4 ring of evasion
MPRegen 0.09/turn               (no ring)

@: no status effects
A: condensation shield
a: no special abilities


You were on level 3 of the Dungeon.
You visited 1 branch of the dungeon, and saw 3 of its levels.

You collected 193 gold pieces.

Inventory:

Missiles
 c - 3 throwing nets (quivered)
 d - a javelin
Armour
 a - a +0 leather armour
 b - a +0 helmet (worn)
 p - a +1 leather armour of willpower (worn)
Jewellery
 x - a +4 ring of evasion (left hand)
Scrolls
 e - a scroll of enchant weapon {unknown}
 g - a scroll of torment {unknown}
 h - 2 scrolls of vulnerability {unknown}
 k - a scroll of teleportation {unknown}
 l - a scroll of noise {unknown}
 s - a scroll of summoning {unknown}
 t - a scroll of magic mapping {unknown}
 u - 2 scrolls of identify {unknown}
 w - a scroll of immolation {unknown}
 y - 3 scrolls of butterflies {unknown}
 z - a scroll of poison {unknown}
Potions
 f - a potion of magic {unknown}
 i - 2 potions of degeneration {unknown}
 j - a potion of cancellation {unknown}
 m - 3 potions of haste {unknown}
 n - 2 potions of heal wounds {unknown}
 o - a potion of might {unknown}
 q - a potion of berserk rage {unknown}
 r - a potion of lignification {unknown}
 v - a potion of curing {unknown}


   Skills:
 - Level 2.0 Fighting
 + Level 2.5 Throwing
 + Level 3.2 Dodging
 * Level 3.8 Unarmed Combat


You had 3 spell levels left.
You didn't know any spells.
Your spell library contained the following spells:

 Spells                   Type           Power      Damage    Failure   Level
 Call Canine Familiar     Summ           0%         N/A       83%         3
 Portal Projectile        Hex/Tloc       0%         N/A       83%         3
 Leda's Liquefaction      Hex/Erth       0%         N/A       99%         4


Dungeon Overview and Level Annotations

Branches:
Dungeon (3/15)

Altars:

Shops:
D:1 *

Annotations:
D:3 1 runed translucent door, GigaChad's ghost, amateur MiFi


Innate Abilities, Weirdness & Mutations

A meltable shield of frost defends you. (SH +4)


Message History

The orc shouts!
You hear a shout!
The orc shouts!
You hear a shout!
The orc throws a boomerang.
The boomerang barely misses you.
The orc throws a boomerang.
The boomerang hits you but does no damage.
The orc hits you but does no damage.
You hit the orc but do no damage. You block the orc's attack.
You hit the orc but do no damage. The orc misses you.
You hit the orc.
The orc is moderately wounded.
You barely miss the orc. You hit the orc but do no damage.
The orc closely misses you.
You hit the orc.
The orc is lightly wounded.
The orc hits you with a +2 vorpal flail.
You hit the orc.
The orc is heavily wounded.
The orc hits you with a +2 vorpal flail!
You hit the orc but do no damage.
The orc is heavily wounded.
The orc hits you with a +2 vorpal flail.
You closely miss the orc.
The orc is heavily wounded.
You closely miss the orc.
The orc is heavily wounded.
The orc hits you with a +2 vorpal flail.
* * * LOW HITPOINT WARNING * * *
x2 You closely miss the orc.
The orc is heavily wounded.
The orc completely misses you.
You completely miss the orc.
The orc is heavily wounded.
The orc closely misses you.
You barely miss the orc.
The orc is heavily wounded.
The orc closely misses you.
You closely miss the orc.
The orc is heavily wounded.
The orc hits you with a +2 vorpal flail!
You die...

.#>g.####.......
.#.o...##..$....
##.#.[..'.......
o..#...##.......
.###.#g.........
..
................
.#
####............
#.....###.o#####
#.....# #ooo@.#
#.....# #####.##
#.....# #..#####
#.....# ##.....#
#######
#########.##
#..........#
#..........#
#..........#
#..........##


You could see 4 orcs.

Vanquished Creatures
  Jessica (D:3)
  An adder (D:3)
  A worm (D:2)
  5 orcs (D:3)
  3 ball pythons (D:1)
  3 bats
  3 endoplasms
  2 giant cockroaches (D:2)
  2 hobgoblins
  3 jackals (D:3)
  3 kobolds
  2 quokkas (D:1)
  3 frilled lizards
  2 goblins (D:1)
34 creatures vanquished.

Notes
Turn   | Place    | Note
-------+----------+-------------------------------------------
     0 | D:1      | RogueRain17 the Demonspawn Gladiator began the quest for
                  | the Orb.
     0 | D:1      | Reached XP level 1. HP: 16/16 MP: 1/1
   503 | D:1      | Gained mutation: A meltable shield of frost defends you.
                  | (SH +4) [demonic ancestry]
   503 | D:1      | Reached XP level 2. HP: 22/22 MP: 2/2
  1128 | D:1      | Found Paumikh's Assorted Antiques.
  1802 | D:2      | HP: 1/22 [worm (5)]
  2442 | D:3      | Reached XP level 3. HP: 25/27 MP: 3/3
  2754 | D:3      | Noticed Jessica
  2769 | D:3      | Killed Jessica
  2993 | D:3      | Noticed GigaChad's ghost (amateur MiFi)
  2999 | D:3      | Found a runed translucent door.
  3060 | D:3      | Reached XP level 4. HP: 33/33 MP: 4/4
  3257 | D:3      | Slain by an orc

Illustrated notes

Levels and vault maps discovered:
D:1:      dpeg_arrival_concentric_ovals, layout_basic, serial_shops,
          nicolae_shop_temple_entry_statues_fountains
D:2:      layout_basic, dk_vineyard_2
D:3:      layout_basic, hellmonk_ghost_happy_afterlife,
          shapermc_ecumenical_altar_mp_highgroup, serial_park_tiny_1,
          uniq_jessica

Skill      XL: |  1  2 |
---------------+-------+-----
Throwing       | 2 |  2.5
Unarmed Combat | 3 |  3.8
Dodging        | 3 |  3.2
Fighting       | |  2.0

Action                   |  1- 3 |  4- 6 || total
-------------------------+-------+-------++-------
Melee: Unarmed           |   149 |    33 ||   182
       Punch             |     4 |     1 ||     5
 Stab: Sleeping          |     1 |       ||     1
Armor: Leather armour    |    42 |    10 ||    52
Dodge: Dodged            |   102 |    22 ||   124
Block: Other             |    22 |     4 ||    26
